 Dungeon Crawl Stone Soup version 0.27-a0-720-g3f424a255b (webtiles) character file.

Game seed: 15902230050911685141

551 ReteAZ the Skirmisher (level 7, -3/78 HPs)
             Began as an Ogre Hunter on Mar 23, 2021.
             Succumbed to an adder's poison
             ... on level 4 of the Dungeon.
             The game lasted 00:06:22 (4571 turns).

ReteAZ the Skirmisher (Ogre Hunter)                 Turns: 4571, Time: 00:06:23

Health: -3/78      AC:  3    Str: 17    XL:     7   Next: 29%
Magic:  7/7        EV: 10    Int: 14    God:
Gold:   67         SH:  0    Dex:  9    Spells: 6/6 levels left

rFire    . . .     SeeInvis .   v - +0 broad axe
rCold    . . .     Faith    .   (no shield)
rNeg     . . .     Spirit   .   b - +0 robe
rPois    .         Reflect  .   (helmet restricted)
rElec    .         Harm     .   (no cloak)
rCorr    .         Rampage  .   (gloves unavailable)
Will     .....                  (boots unavailable)
Stlth    +.........             (no amulet)
HPRegen  0.23/turn              (no ring)
MPRegen  0.10/turn              (no ring)

@: lethally poisoned (-3 -> -14)
A: large, unfitting armour, tough skin 1
a: no special abilities


You were on level 4 of the Dungeon.
You visited 1 branch of the dungeon, and saw 4 of its levels.

You collected 123 gold pieces.
You spent 56 gold pieces at shops.

Inventory:

Hand Weapons
 a - a +0 short sword
 l - a +4 dagger
 v - a +0 broad axe (weapon)
Missiles
 c - 7 large rocks
 e - 63 stones (quivered)
Armour
 b - a +0 robe (worn)
Wands
 r - a wand of digging (9)
Scrolls
 f - a scroll of enchant weapon {unknown}
 m - 3 scrolls of identify {unknown}
 n - a scroll of magic mapping {unknown}
 o - a scroll of teleportation {unknown}
 q - a scroll of summoning {unknown}
 s - 3 scrolls of enchant armour {unknown}
 t - a scroll of noise {unknown}
 u - a scroll of fog {unknown}
Potions
 g - 2 potions of curing
 h - 3 potions of might {unknown}
 j - a potion of magic {unknown}
 k - 3 potions of degeneration {unknown}
 p - a potion of ambrosia {unknown}


   Skills:
 + Level 7.3 Fighting
 + Level 6.6 Throwing
 - Level 2.0 Dodging
 - Level 1.0 Stealth


You had 6 spell levels left.
You didn't know any spells.
Your spell library contained the following spells:

 Spells                   Type           Power      Damage    Failure   Level
 Animate Skeleton         Necr           0%         N/A       28%         1
 Apportation              Tloc           0%         N/A       28%         1
 Beastly Appendage        Tmut           0%         N/A       28%         1
 Corona                   Hex            0%         N/A       28%         1
 Summon Small Mammal      Summ           0%         N/A       28%         1
 Wereblood                Tmut           0%         N/A       41%         2
 Spider Form              Tmut/Pois      0%         N/A       65%         3
 Ice Form                 Ice/Tmut       0%         N/A       96%         4
 Blade Hands              Tmut           0%         N/A       100%        5


Dungeon Overview and Level Annotations

Branches:
Dungeon (4/15)
 Temple: D:4-7

Altars:

Shops:
D:1 ?   D:4 (

Annotations:
D:4 3 runed translucent doors, Johnny's ghost, amateur DEEE


Innate Abilities, Weirdness & Mutations

You are too large for most types of armour.
You have tough skin. (AC +1)


Message History

You miss the adder.
The adder is moderately wounded.
You feel very sick. The adder bites you.
* * * LOW HITPOINT WARNING * * *
You are more poisoned.
The adder poisons you! The adder closely misses you.
You hit the adder.
The adder is severely wounded.
* * * LOW HITPOINT WARNING * * *
You feel extremely sick.
The adder bites you but does no damage. x2
You completely miss the adder.
The adder is severely wounded.
You feel sick. The adder bites you.
* * * LOW HITPOINT WARNING * * *
The adder barely misses you.
You feel better. The adder bites you but does no damage. The adder bites you.
* * * LOW HITPOINT WARNING * * *
You miss the adder.
The adder is severely wounded.
The adder bites you.
* * * LOW HITPOINT WARNING * * *
The adder bites you.
* * * LOW HITPOINT WARNING * * *
You closely miss the adder.
The adder is severely wounded.
The adder misses you. x2
You barely miss the adder.
The adder is severely wounded.
The adder bites you.
* * * LOW HITPOINT WARNING * * *
You are lethally poisoned!
The adder poisons you! The adder bites you.
* * * LOW HITPOINT WARNING * * *
You are more poisoned.
The adder poisons you!
You barely miss the adder.
The adder is severely wounded.
You die...

#### #..# ##### #..####
##8.8. #.@...## #..⌠.⌠
#S###..### #.8.∩. #######.#
##...## #..⌠.⌠ #.....#(#
###w.# #.8.8. #.....#.###
#..####....# #.....#...#
##...#.......
#.......#.###....#......#
##...(..........#.#......#
##.....###+++###..........#


You could see an adder.

Vanquished Creatures
  Sigmund (D:4)
  An ogre (D:4)
  A scorpion (D:4)
  A howler monkey (D:3)
  A bullfrog skeleton (D:4)
  A hound (D:4)
  A hound zombie (D:4)
  A worker ant zombie (D:4)
  4 adders
  2 worms (D:2)
  2 dart slugs
  An orc (D:4)
  2 giant cockroaches (D:3)
  8 goblins
  9 hobgoblins
  6 jackals
  11 oozes
  4 quokkas
  5 ball pythons
  6 bats
  4 frilled lizards
  A jackal skeleton (D:3)
  7 kobolds
  6 rats
86 creatures vanquished.

Vanquished Creatures (others)
  A withered plant (D:4)
1 creature vanquished.

Grand Total: 87 creatures vanquished

Notes
Turn   | Place    | Note
-------+----------+-------------------------------------------
     0 | D:1      | ReteAZ the Ogre Hunter began the quest for the Orb.
     0 | D:1      | Reached XP level 1. HP: 22/22 MP: 1/1
   220 | D:1      | Reached skill level 3 in Fighting
   220 | D:1      | Reached XP level 2. HP: 31/31 MP: 2/2
   246 | D:1      | Reached skill level 1 in Stealth
   624 | D:1      | Found Dievvir's Magic Scroll Shoppe.
   879 | D:1      | Reached XP level 3. HP: 37/37 MP: 3/3
  1555 | D:2      | Reached skill level 4 in Fighting
  1959 | D:2      | Reached XP level 4. HP: 48/48 MP: 4/4
  3242 | D:3      | Reached skill level 5 in Throwing
  3477 | D:3      | Reached skill level 5 in Fighting
  3477 | D:3      | Reached XP level 5. HP: 41/57 MP: 5/5
  4263 | D:4      | Noticed an ogre
  4278 | D:4      | Killed an ogre
  4279 | D:4      | Reached skill level 6 in Fighting
  4279 | D:4      | Reached XP level 6. HP: 67/67 MP: 6/6
  4285 | D:4      | Found Viymeji's Weapon Shoppe.
  4296 | D:4      | Bought a +0 broad axe for 56 gold pieces
  4306 | D:4      | Found a runed translucent gate.
  4306 | D:4      | Found a runed translucent gate.
  4307 | D:4      | Found a runed translucent gate.
  4326 | D:4      | Noticed Johnny's ghost (amateur DEEE)
  4330 | D:4      | Noticed Sigmund
  4332 | D:4      | Killed Sigmund
  4333 | D:4      | Reached XP level 7. HP: 76/76 MP: 7/7
  4342 | D:4      | Reached skill level 7 in Fighting
  4566 | D:4      | HP: 3/78 [adder (2)]
  4571 | D:4      | Succumbed to an adder's poison

Illustrated notes

Levels and vault maps discovered:
D:1:      ncdulo_watergridlock, layout_basic, serial_shops, shop,
          minmay_bisected
D:2:      layout_basic
D:3:      layout_loops_corners, chequers_serial_rivers_small_b
D:4:      minmay_evil_eye, layout_rooms, serial_shops,
          nicolae_shop_temple_entry_statues_fountains, serial_undead,
          serial_undead_c, serial_undead_a, serial_undead_d, serial_undead_b,
          ebering_ghost_rock_garden, uniq_sigmund

Skill      XL: |  1  2  3  4  5  6  7 |
---------------+----------------------+-----
Fighting       | 3 4 5 6 7 |  7.3
Dodging        | 2 |  2.0
Stealth        | 1 |  1.0
Throwing       | 5 6 |  6.6

Action                   |  1- 3 |  4- 6 |  7- 9 || total
-------------------------+-------+-------+-------++-------
Melee: Short sword       |    91 |       |       ||    91
       Dagger            |    41 |    91 |       ||   132
       Broad axe         |       |       |    44 ||    44
Throw: Stone             |    98 |   127 |     8 ||   233
       Large rock        |     2 |     5 |       ||     7
       Throwing net      |       |     1 |     1 ||     2
  Use: Potion            |       |       |     3 ||     3
 Stab: Sleeping          |       |     1 |       ||     1
       Held in net/web   |       |       |     1 ||     1
Armor: Robe              |    35 |    35 |    17 ||    87
Dodge: Dodged            |    70 |    51 |    33 ||   154

Table legend: (Time is in decaauts)
 A = Elapsed time spent in this place.
 B = Non-inter-level travel time spent in this place.
 C = Inter-level travel time spent in this place.
 D = Time resting spent in this place.
 E = Time spent auto-exploring this place.
 F = Levels seen in this place.
 G = Mean time per level.
                   A        B        C        D        E       F      G
               +--------+--------+--------+--------+--------+-----+--------+
         Total |   4580 |   4547 |     33 |    564 |   3206 |   4 | 1145.0 |
       Dungeon |   4580 |   4547 |     33 |    564 |   3206 |   4 | 1145.0 |
               +--------+--------+--------+--------+--------+-----+--------+

Top non-repeatable levels by time:
     D:1: 1499 daAuts
     D:3: 1307 daAuts
     D:2: 1142 daAuts
     D:4: 630 daAuts
